 Dungeon Crawl Stone Soup version 0.30-a0-585-g93115170b9 (webtiles) character file.

Game seed: 11236813487289470859

2276585 freelancePsychic the Spry (level 26, 218/218 HPs)
             Began as a Demonspawn Fire Elementalist on Jan 1, 2023.
             Was the Champion of Ashenzari.
             Escaped with the Orb
             ... and 4 runes!
             The game lasted 02:53:15 (71746 turns).

freelancePsychic the Spry (DsFE)                   Turns: 71746, Time: 02:53:16

Health: 218/218    AC: 18    Str:  6    XL:     26   Next: 51%
Magic:  47/47      EV: 37    Int: 40    God:    Ashenzari [******]
Gold:   2642       SH: 19    Dex: 17    Spells: 19/65 levels left

rFire   + + +      SeeInvis +    k - staff of fire (curse) {Range, Bglg}
rCold   + + .      Faith    .    c - +5 kite shield of the Esoteric Burden {rC+, Elem, Range} (curse)
rNeg    . . .      Spirit   .    K - +4 robe of Folly {Brilliance Will-∞ Int+8, Self, Bglg} (curse)
rPois   .          Reflect  .    i - +2 helmet "Gaze Upon Infinity" {Fort, Bglg} (curse)
rElec   .          Harm     .    M - scarf "Shackled With Me" {rC+ rF+, Bglg, Cun} (curse)
rCorr   +          Rampage  +    (gloves unavailable)
Will    .....      Clarity  +    G - +2 pair of boots "Sorrow of Ashenzari" {Fly, Fort, Elem} (curse)
Stlth   ++                       Q - amulet "Eternal With Me" {Rampage +Inv Regen+ Int+8 Dex-2, Cun, Range} (curse)
HPRegen 1.36/turn                y - ring of the Wild Blue Yonder {rF+ rCorr Str-4 Int+4, Evo, Elem} (curse)
MPRegen 0.30/turn                P - ring of the Hare {EV+10, Cun, Bglg} (curse)

@: flying, studying Unarmed Combat
A: claws 3, powered by pain 3, spiny 3, sharp scales 3, corrupting presence 2,
word of chaos, weak 1, inability to drink after injury 1
0: Orb of Zot
}: 4/15 runes: decaying, serpentine, slimy, silver
a: Word of Chaos, Renounce Religion, Evoke Invisibility, Shatter the Chains


You escaped.
You worshipped Ashenzari.
Ashenzari was exalted by your worship.
You visited 12 branches of the dungeon, and saw 54 of its levels.
You visited the Abyss 2 times.
You visited 1 bazaar.
You visited 1 ziggurat, and saw 10 of its levels.
You also visited: Bailey, Ice Cave and Desolation.

You collected 9246 gold pieces.
You spent 6604 gold pieces at shops.

Inventory:

Hand Weapons
 V - a -2 demon whip of venom
Missiles
 o - 2 curare-tipped darts
 T - 5 throwing nets
Armour
 c - the cursed +5 kite shield of the Esoteric Burden (worn) {rC+, Elem, Range}
   (You took it off a naga warrior on level 3 of the Snake Pit)

   It has a curse which improves the following skills: Elements: Fire Magic, Ice
   Magic, Air Magic and Earth Magic.
   Ranged Combat: Ranged Weapons and Throwing.
 i - the cursed +2 helmet "Gaze Upon Infinity" (worn) {Fort, Bglg}
   (You took it off Robin on level 2 of the Dungeon)

   It has a curse which improves the following skills: Fortitude: Armour and
   Shields.
   Beguiling: Conjurations, Hexes and Translocations.
 G - the cursed +2 pair of boots "Sorrow of Ashenzari" (worn) {Fly, Fort, Elem}
   (You found it in a bailey)

   It has a curse which improves the following skills: Fortitude: Armour and
   Shields.
   Elements:  Fire Magic, Ice Magic, Air Magic and Earth Magic.
 K - the cursed +4 robe of Folly (worn) {Brilliance Will-∞ Int+8, Self, Bglg}
   (You bought it in a shop on level 1 of the Dungeon)

   It increases the power of your magical spells.
   It halves the magic cost of your spells (rounding up).
   It reduces your willpower to zero.
   Int:       It affects your intelligence (+8).
   It has a curse which improves the following skills: Introspection: Fighting
   and Spellcasting.
   Beguiling: Conjurations, Hexes and Translocations.
 M - the cursed scarf "Shackled With Me" (worn) {rC+ rF+, Bglg, Cun}
   (You found it on level 10 of the Dungeon)

   It has a curse which improves the following skills: Beguiling: Conjurations,
   Hexes and Translocations.
   Cunning:   Dodging and Stealth.
Magical Staves
 k - a cursed staff of fire (weapon) {Range, Bglg}
Jewellery
 f - an amulet of magic regeneration
 y - the cursed ring of the Wild Blue Yonder (left claw) {rF+ rCorr Str-4 Int+4, Evo, Elem}
   (You found it on level 5 of the Dungeon)

   [ring of protection from fire]

   Str:       It affects your strength (-4).
   Int:       It affects your intelligence (+4).
   rF:        It protects you from fire.
   rCorr:     It protects you from acid and corrosion.
   It has a curse which improves the following skills: Evocations: Evocations.
   Elements:  Fire Magic, Ice Magic, Air Magic and Earth Magic.
 O - a ring of protection from fire
 P - the cursed ring of the Hare (right claw) {EV+10, Cun, Bglg}
   (You found it on level 4 of the Swamp)

   [ring of evasion]

   EV:        It affects your evasion (+10).
   It has a curse which improves the following skills: Cunning: Dodging and
   Stealth.
   Beguiling: Conjurations, Hexes and Translocations.
 Q - the cursed amulet "Eternal With Me" (around neck) {Rampage +Inv Regen+ Int+8 Dex-2, Cun, Range}
   (You acquired it on level 4 of the Vaults)

   [amulet of regeneration]

   Int:       It affects your intelligence (+8).
   Dex:       It affects your dexterity (-2).
   +Inv:      It lets you turn invisible.
   Regen:     It increases your rate of health regeneration.
   Rampage:   It bestows one free step when moving towards enemies.
   It has a curse which improves the following skills: Cunning: Dodging and
   Stealth.
   Ranged Combat: Ranged Weapons and Throwing.
 R - an amulet of guardian spirit
 U - a ring of fire
 Y - a ring of flight
Wands
 j - a wand of polymorph (18)
 B - a wand of digging (7)
 E - a wand of iceblast (38)
 I - a wand of charming (23)
 S - a wand of quicksilver (14)
 X - a wand of mindburst (25)
Scrolls
 a - 7 scrolls of immolation
 b - 3 scrolls of enchant armour
 e - 10 scrolls of fear
 g - 10 scrolls of vulnerability
 h - 13 scrolls of enchant weapon
 r - 16 scrolls of teleportation {@r4}
 u - 13 scrolls of blinking
 v - 3 scrolls of torment
 C - 7 scrolls of poison
 J - 14 scrolls of fog
 N - 4 scrolls of summoning
 W - 7 scrolls of magic mapping
 Z - 3 scrolls of silence
Potions
 d - 22 potions of curing {@q1}
 l - 2 potions of ambrosia
 m - 7 potions of resistance
 n - 7 potions of brilliance
 p - 2 potions of haste {@q3}
 s - 2 potions of magic
 t - 3 potions of mutation
 w - 2 potions of might
 x - 10 potions of lignification
 z - 17 potions of attraction
 A - 11 potions of flight
 D - 5 potions of cancellation
 F - a potion of invisibility
 H - 3 potions of berserk rage
 L - 13 potions of heal wounds {@q2}
Miscellaneous
 q - a box of beasts


   Skills:
 - Level 17.8(20.3) Fighting
 - Level 12.0 Staves
 - Level 13.8(17.6) Armour
 + Level 20.4(25.1) Dodging
 - Level 4.6(9.3) Stealth
 - Level 10.5(14.4) Shields
 + Level 17.9(20.3) Spellcasting
 - Level 11.6(18.8) Conjurations
 - Level 3.7(9.7) Hexes
 - Level 7.0 Transmutations
 - Level 18.2(23.0) Fire Magic
 - Level 12.2(17.3) Earth Magic
 - Level 7.6(10.3) Evocations


You had 19 spell levels left.
You knew the following spells:

 Your Spells              Type           Power      Damage    Failure   Level
a - Orb of Destruction    Conj           68%        9d16      1%          7
b - Iron Shot             Conj/Erth      67%        9d12      1%          6
c - Inner Flame           Hex/Fire       100%       N/A       0%          3
d - Statue Form           Tmut/Erth      78%        N/A       1%          6
e - Lee's Rapid Deconstr  Erth           66%        3d30*     1%          5
f - Yara's Violent Unrav  Hex/Tmut       52%        3d20      1%          5
g - Foxfire               Conj/Fire      100%       2x1d9     0%          1
h - Irradiate             Conj/Tmut      60%        3d31      1%          5
i - Ignition              Fire           86%        3d22      1%          8

Your spell library contained the following spells:

 Spells                   Type           Power      Damage    Failure   Level
 Magic Dart               Conj           100%       1d8       0%          1
 Scorch                   Fire           100%       2d10      0%          2
 Searing Ray              Conj           100%       2d8       0%          2
 Stone Arrow              Conj/Erth      100%       3d13      0%          3
 Flame Wave               Conj/Fire      100%       2d21      0%          4
 Sticky Flame             Conj/Fire      100%       2d11      0%          4
 Fireball                 Conj/Fire      84%        3d31      0%          5
 Iskenderun's Battlesphe  Conj           100%       2d15      0%          5
 Apportation              Tloc           100%       N/A       1%          1
 Necrotise                Necr           100%       1d9       1%          1
 Shock                    Conj/Air       100%       1d9       1%          1
 Summon Small Mammal      Summ           100%       N/A       1%          1
 Cigotuvi's Dreadful Rot  Necr/Pois/Air  100%       N/A       1%          2
 Ensorcelled Hibernation  Hex/Ice        100%       N/A       1%          2
 Poisonous Vapours        Pois/Air       100%       N/A       1%          2
 Sublimation of Blood     Necr           57%        N/A       1%          2
 Wereblood                Tmut           98%        N/A       1%          2
 Gell's Gravitas          Tloc           65%        N/A       1%          3
 Ignite Poison            Fire/Tmut/Pois 100%       N/A       1%          3
 Kindle Blastsparks       Fire/Tloc/Air  100%       2d18      1%          3
 Mephitic Cloud           Conj/Pois/Air  96%        N/A       1%          3
 Portal Projectile        Hex/Tloc       100%       N/A       1%          3
 Spider Form              Tmut/Pois      80%        N/A       1%          3
 Summon Guardian Golem    Hex/Summ       88%        N/A       1%          3
 Teleport Other           Tloc           65%        N/A       1%          3
 Tukima's Dance           Hex            100%       N/A       1%          3
 Anguish                  Hex/Necr       44%        N/A       1%          4
 Animate Armour           Summ/Erth      100%       N/A       1%          4
 Fulminant Prism          Conj/Hex       62%        3d26      1%          4
 Iskenderun's Mystic Bla  Conj/Tloc      100%       2d19      1%          4
 Leda's Liquefaction      Hex/Erth       61%        N/A       1%          4
 Petrify                  Tmut/Erth      100%       N/A       1%          4
 Blade Hands              Tmut           49%        N/A       1%          5
 Borgnjor's Vile Clutch   Necr/Erth      52%        N/A       1%          5
 Freezing Cloud           Conj/Ice/Air   48%        6-21      1%          5
 Lightning Bolt           Conj/Air       54%        1d76      1%          5
 Ozocubu's Armour         Ice            63%        N/A       2%          3
 Call Canine Familiar     Summ           57%        N/A       3%          3
 Vampiric Draining        Necr           57%        2d10      3%          3
 Metabolic Englaciation   Hex/Ice        45%        N/A       3%          5
 Silence                  Hex/Air        45%        N/A       3%          5
 Conjure Ball Lightning   Conj/Air       54%        3x3d20    3%          6
 Summon Mana Viper        Hex/Summ       88%        N/A       4%          5
 Lehudib's Crystal Spear  Conj/Erth      67%        10d15     4%          8
 Manifold Assault         Tloc           65%        N/A       7%          4
 Passage of Golubria      Tloc           65%        N/A       7%          4
 Alistair's Intoxication  Tmut/Pois      53%        N/A       7%          5
 Summon Lightning Spire   Summ/Air       60%        N/A       10%         4
 Animate Dead             Necr           57%        N/A       11%         4
 Olgreb's Toxic Radiance  Pois           57%        N/A       11%         4
 Enfeeble                 Hex            54%        N/A       17%         7
 Spellforged Servitor     Conj/Summ      54%        N/A       19%         7
 Summon Forest            Summ/Tloc      30%        N/A       24%         5
 Agony                    Necr           57%        N/A       30%         5
 Eringya's Noxious Bog    Tmut/Pois      40%        N/A       36%         6
 Dispersal                Tloc           32%        N/A       71%         6
 Simulacrum               Ice/Necr       30%        N/A       82%         6
 Death Channel            Necr           28%        N/A       86%         6
 Summon Cactus Giant      Summ           28%        N/A       86%         6
 Storm Form               Tmut/Air       41%        N/A       88%         7
 Ozocubu's Refrigeration  Ice            31%        4d14      100%        7
 Summon Hydra             Summ           28%        N/A       100%        7
 Borgnjor's Revivificati  Necr           28%        N/A       100%        8
 Disjunction              Tloc           32%        N/A       100%        8
 Necromutation            Tmut/Necr      40%        N/A       100%        8
 Chain Lightning          Conj/Air       54%        3d72      100%        9
 Death's Door             Necr           28%        N/A       100%        9
 Dragon's Call            Summ           28%        N/A       100%        9


Dungeon Overview and Level Annotations

Branches:
Dungeon (15/15)            Temple (1/1) D:7            Lair (5/5) D:8
  Swamp (4/4) Lair:2        Snake (4/4) Lair:3        Slime (5/5) Lair:5
    Orc (2/2) D:10            Elf (3/3) Orc:2        Vaults (5/5) D:13
  Crypt (0/3) Vaults:2     Depths (4/4) D:15           Hell (visited)
    Zot (5/5) Depths:4     Bailey (visited)           IceCv (visited)
Desolation (visited)
    Dis: Hell:1         Geh: Hell:1         Coc: Hell:1         Tar: Hell:1

Altars:
Ashenzari
Cheibriados
Dithmenos
Fedhas
Gozag
Hepliaklqana
Kikubaaqudgha
Makhleb
Nemelex Xobeh
Okawaru
Qazlal
Ru
Sif Muna
Trog
Uskayaw
Vehumet
Wu Jian
Xom
Yredelemnul
Lugonu

Shops:
D:1 ([[(   D:12 (   D:13 [*:[   D:15 :   Orc:2 :(*:   Elf:1 (   Elf:2 =
Elf:3 :   Snake:3 (*:   Vaults:4 ?   Vaults:5 ?!?????   Depths:1 ==*:
Depths:3 *

Portals:
Hell: Depths:1 Depths:2 Depths:3 Depths:4
Abyss: Orc:2 Depths:3
Pandemonium: Depths:2 Depths:3

Annotations:
D:2 Sigmund
D:4 1 exclusion, Ijyb
D:5 2 transporters, PyroL's ghost, novice OpTm
D:10 exclusions: 2 hell hounds and 4 more exclusions
Lair:1 1 runed translucent door, exclusion: door, Rupert
Elf:2 3 runed translucent doors
Depths:1 3 runed translucent doors, Barug's ghost, adept TrMo; Soesill's ghost, adept DgCj; strangelove's ghost, master GrEE
Hell Geryon


Innate Abilities, Weirdness & Mutations

You have claws for hands.
You are powered by pain.
You are completely covered in sharp spines.
You are completely covered in razor-sharp scales. (AC +3, Slay +3)
Your presence sometimes corrodes or deforms those you injure.
You can speak a Word of Chaos.
You are weak. (Str -2)
You occasionally lose the ability to drink potions when taking damage.


Message History

You fly upwards.
Level annotation: 2 transporters, PyroL's ghost, novice OpTm
There is a stone staircase leading down here.
Things that are here:
a +0 leather armour; a +0 mace You see here a +0 short sword.
There is a stone staircase leading up here.
You fly upwards.
Level annotation: 1 exclusion, Ijyb An Orb Guardian comes into view.
There is a stone staircase leading down here.
You feel a surge of power!
The iron shot hits the Orb Guardian!!!
Your corrupting presence corrodes the Orb Guardian!
The Orb Guardian is severely wounded.
You feel a surge of power!
The iron shot hits the Orb Guardian!!!
You kill the Orb Guardian!
You can't see any susceptible monsters within range! (Use Z to cast anyway.)
You can't see any susceptible monsters within range! (Use Z to cast anyway.)
(D) Dungeon (T) Temple (L) Lair (S) Swamp (P) Snake Pit (M) Slime Pits (O) Orcish Mines (E) Elven Halls (V) Vaults (C) Crypt (U) Depths (H) Hell (Z) Zot
Where to? (Enter - D:1 @ (x,y), ? - help)
There is a stone staircase leading up here.
You fly upwards.
There is a stone staircase leading down here.
There is an open door here.
Magic restored.
You see here a +0 giant spiked club.
You see here 4 stones.
There is a stone staircase leading up here.
You fly upwards.
Level annotation: Sigmund
There is a stone staircase leading down here.
There is a stone staircase leading up here.
You fly upwards.
There is a stone staircase leading down here.
There is an open door here.
There is a staircase leading out of the dungeon here.
You have escaped!

#.#.####...##### #..........#
##........#.....###..........#
##................##..........#
##..................†)...#######
....#...............#.####
#.......##########..#.#
#..#....+..).♣P#P####.#
........#~~~..♣P#.♣ #.#
....#...##~8....@♣# #.#
....#...#~~~..♣P#.♣##.#
........'....♣P#P###..#
....##.#############.##
..#...(## #.# ###..#
........####.####...##
..................###
................###
......##...##...#


There were no monsters in sight!

Vanquished Creatures
  the Royal Jelly (Slime:5)
  6 dread liches
  5 orbs of fire (Zot:5)
  4 ancient liches (Zot:5)
  2 juggernauts
  2 royal mummies (Zig:7)
  Vv (Zot:1)
  Frederick (Depths:3)
  the Lernaean hydra (Swamp:4)
  6 Killer Klowns
  Saint Roka (Depths:3)
  8 golden dragons
  3 curse toes
  A bone dragon (Depths:2)
  Nikola (Snake:3)
  4 electric golems
  2 doom hounds (Depths:2)
  A hellephant (Zig:3)
  Jorgrun (D:15)
  11 tentacled monstrosities
  2 liches
  2 deep elf master archers (Elf:3)
  26 Orb Guardians
  3 titans (Vaults:5)
  5 quicksilver dragons
  2 deep elf blademasters
  16 acid blobs
  6 death cobs
  Grunn (Depths:2)
  5 sphinxes
  9 storm dragons
  15 rockslimes
  9 tengu reavers
  4 fire giants
  8 azure jellies (Slime:5)
  5 nagarajas
  9 shadow dragons
  2 daevas
  12 vault wardens
  2 draconian knights (Zot:4)
  11 frost giants
  16 deep elf sorcerers
  3 imperial myrmidons (Desolation)
  A draconian shifter (Zot:1)
  3 angels
  A ghost moth (Zot:5)
  2 iron dragons (Depths:2)
  5 draconian scorchers
  Aizul (Snake:3)
  A draconian stormcaller (Zot:2)
  3 deep elf elementalists (Elf:3)
  2 reapers (Hell)
  17 ironbound preservers
  An orc warlord (Vaults:4)
  An ophan (Zig:5)
  6 war gargoyles
  A draconian annihilator (Zot:4)
  9 quicksilver oozes (Slime:5)
  23 very ugly things
  11 ironbound thunderhulks
  2 vampire knights
  An apis (Zig:5)
  11 stone giants
  11 deep elf annihilators
  9 deep elf demonologists
  2 green draconians
  2 halazid warlocks (Desolation)
  3 white draconians
  4 purple draconians
  7 yellow draconians
  4 eleionomae
  10 red draconians
  2 bennus (Zig:7)
  17 dire elephants
  An eidolon (Vaults:2)
  3 bunyips
  7 black draconians
  3 crystal guardians
  6 fire dragons
  5 spark wasps (Depths:3)
  13 ettins
  14 yaktaur captains
  A green death (Slime:1)
  An entropy weaver (Vaults:1)
  A blizzard demon (Depths:2)
  8 deep elf high priests
  5 great orbs of eyes
  5 deep elf death magi
  3 ragged hierophants (Desolation)
  Fannar (D:11)
  2 shambling mangroves (Swamp:4)
  18 peacekeepers
  A hell beast (Depths:2)
  30 vault guards
  7 spriggan air magi
  6 salamander tyrants
  19 hydras
  6 servants of whispers (Desolation)
  6 ice dragons
  A catoblepas (Lair:5)
  4 rakshasas
  5 ghost crabs
  4 ogre magi (Vaults:5)
  5 ironbound frosthearts
  7 centaur warriors
  8 alligators
  5 two-headed ogres
  11 anacondas
  5 boulder beetles
  6 deep troll earth magi
  13 naga warriors
  2 tengu warriors
  A hell hog (Depths:2)
  6 deep troll shamans
  15 dancing weapons
  10 death yaks
  4 orc high priests (Orc:2)
  7 shock serpents
  13 hell knights
  A spriggan berserker (Depths:4)
  2 soul eaters
  12 naga sharpshooters
  14 deep elf knights
  4 iron trolls
  4 salamander mystics (Snake:4)
  3 skeletal warriors (D:13)
  3 sun demons
  Amaemon (Lair:1)
  3 goliath frogs
  A glowing orange brain (shapeshifter) (Zig:9)
  3 spriggan druids
  8 swamp dragons
  A deep troll (shapeshifter) (Vaults:3)
  47 deep trolls
  6 naga ritualists
  A shadow demon (D:10)
  7 bog bodies
  26 ironbound convokers
  A wizard (Vaults:1)
  Pikel (D:6)
  A flayed ghost (Vaults:5)
  An obsidian statue (Zig:5)
  2 orange crystal statues
  14 deep elf zephyrmancers
  6 deep elf archers
  3 glowing orange brains
  A wolf spider (D:15)
  2 lindwurms
  5 phantasmal warriors
  5 necromancers
  18 deep elf pyromancers
  A tengu skeleton (Zig:7)
  2 shining eyes
  4 mana vipers
  11 orc knights
  30 ugly things
  9 orc sorcerers
  A mana viper (shapeshifter) (Zig:9)
  A manticore (D:14)
  7 cyclopes
  2 manticores (shapeshifter)
  3 will-o-the-wisps
  13 salamanders
  A moth of wrath (shapeshifter) (Depths:4)
  8 elephants
  10 guardian serpents
  5 moths of wrath
  A toenail golem (Depths:4)
  14 vault sentinels
  21 naga magi
  4 eyes of devastation
  A rust devil (Hell)
  A smoke demon (D:13)
  32 black mambas
  2 molten gargoyles (Desolation)
  A demonic crawler (Depths:4)
  2 ice statues (Zig:5)
  An orange demon (Lair:2)
  9 cane toads
  4 rime drakes
  A gargoyle (D:14)
  An unseen horror (shapeshifter) (Elf:3)
  An unseen horror (D:11)
  4 freezing wraiths
  2 kobold demonologists
  An efreet (Zot:4)
  8 komodo dragons
  3 tengu conjurers
  36 yaktaurs
  3 guardian mummies (Zig:7)
  4 trolls
  A hellwing (D:13)
  A polar bear (Lair:3)
  A queen bee (shapeshifter) (Elf:1)
  12 tyrant leeches
  A red devil (Hell)
  A bloated husk (Swamp:2)
  11 hornets
  7 dream sheep (Lair:4)
  A polar bear (shapeshifter) (D:13)
  58 saltlings
  11 blink frogs
  A snapping turtle (shapeshifter) (Vaults:5)
  62 slime creatures
  3 shadows
  2 air elementals
  A flying skull (Zig:7)
  5 wraiths
  11 water elementals
  A dire elephant simulacrum (Hell)
  47 yaks
  11 spriggans
  6 wyverns
  8 humans
  A yak (shapeshifter) (Vaults:5)
  7 basilisks
  19 fire elementals
  5 golden eyes (Slime:5)
  9 vampire mosquitoes
  2 chaos spawn (Zig:6)
  3 wargs
  3 redbacks (shapeshifter)
  12 swamp worms
  A death yak simulacrum (Lair:1)
  2 redbacks (Vaults:1)
  44 nagas
  A harpy simulacrum (Hell)
  A hell hound (Hell)
  3 acid dragons
  17 water moccasins
  7 swamp drakes (Swamp:4)
  42 orc warriors
  An ice beast (D:5)
  A boggart (shapeshifter) (Vaults:5)
  7 ogres
  3 black bears
  9 centaurs
  17 wolves
  5 boggarts (Vaults:2)
  2 lemures (D:6)
  3 phantoms
  A kobold brigand (D:9)
  Blork the orc (D:5)
  9 bullfrogs
  A gnoll sergeant (Orc:2)
  3 necrophages
  A cane toad simulacrum (IceCv)
  2 earth elementals (Elf:2)
  5 scorpions
  7 wights
  7 killer bees
  3 elephant simulacra
  9 howler monkeys
  A vampire bat (D:4)
  2 hounds (D:4)
  A jelly (D:6)
  14 orc priests
  3 iguanas
  19 orc wizards
  A polar bear simulacrum (IceCv)
  5 hell rats (Lair:5)
  A wolf simulacrum (Lair:1)
  8 mummies (Zig:7)
  Robin (D:2)
  10 gnolls
  3 adders
  4 river rats (D:6)
  An ufetubus (D:4)
  5 worms
  2 dart slugs
  3 fire bats (D:4)
  56 orcs
  2 spectral bats (D:4)
  4 ball pythons
  20 bats
  3 bat skeletons (D:4)
  A bat zombie (D:4)
  7 endoplasms
  8 giant cockroaches
  26 goblins
  9 hobgoblins
  7 jackals
  27 kobolds
  5 quokkas
  A bat simulacrum (D:4)
  6 frilled lizards
  4 rats
  A butterfly (Lair:4)
  A lurking horror (Orc:2)
  A plant (Lair:5)
1996 creatures vanquished.

Vanquished Creatures (collateral kills)
  A foxfire (D:1)
1 creature vanquished.

Vanquished Creatures (others)
  An orc wizard (Orc:2)
  5 demonic plants (D:1)
  324 foxfires
  32 fungi
  A lurking horror (Orc:2)
  141 plants
  20 withered plants
524 creatures vanquished.

Grand Total: 2521 creatures vanquished

Notes
Turn   | Place    | Note
-------+----------+-------------------------------------------
     0 | D:1      | freelancePsychic the Demonspawn Fire Elementalist began the
                  | quest for the Orb.
     0 | D:1      | Reached XP level 1. HP: 13/13 MP: 3/3
    47 | D:1      | Found Natunut's Weapon Shoppe.
   139 | D:1      | Gained mutation: You sometimes gain a little power by
                  | taking damage. [demonic ancestry]
   139 | D:1      | Reached XP level 2. HP: 19/19 MP: 0/5
   265 | D:1      | Found Mede's Antique Armour Shop.
   418 | D:1      | Found Mirphiame's Antique Armour Shoppe.
   482 | D:1      | Found Bit Zein's Weapon Shoppe.
   488 | D:1      | Found a faded altar of an unknown god.
   561 | D:1      | Learned a level 2 spell: Scorch
   582 | D:1      | Reached XP level 3. HP: 24/24 MP: 6/6
   999 | D:2      | Noticed Robin
  1302 | D:2      | Killed Robin
  1303 | D:2      | Gained mutation: You have sharp fingernails. [demonic
                  | ancestry]
  1303 | D:2      | Reached XP level 4. HP: 22/30 MP: 1/7
  1419 | D:2      | Noticed Sigmund
  1730 | D:3      | Noticed an ogre
  1744 | D:3      | Killed an ogre
  1745 | D:3      | Gained mutation: You are partially covered in razor-sharp
                  | scales. (AC +1, Slay +1) [demonic ancestry]
  1745 | D:3      | Reached XP level 5. HP: 35/35 MP: 1/9
  2446 | D:3      | Learned a level 3 spell: Inner Flame
  2805 | D:4      | Gained mutation: You sometimes gain power by taking damage.
                  | [demonic ancestry]
  2805 | D:4      | Reached XP level 6. HP: 31/41 MP: 11/11
  2957 | D:4      | Reached skill level 1 in Hexes
  3182 | D:4      | Noticed Ijyb
  3453 | D:4      | Reached skill level 5 in Fire Magic
  3453 | D:4      | Reached XP level 7. HP: 46/46 MP: 7/13
  4027 | D:4      | Found a shadowy altar of Dithmenos.
  4027 | D:4      | Found a snail-covered altar of Cheibriados.
  4164 | D:5      | Entered Level 5 of the Dungeon
  5159 | D:5      | Gained mutation: You are partially covered in sharp spines.
                  | [demonic ancestry]
  5159 | D:5      | Reached XP level 8. HP: 53/53 MP: 5/14
  5274 | D:5      | Noticed Blork the orc
  5280 | D:5      | Killed Blork the orc
  5281 | D:5      | Reached skill level 1 in Fighting
  5387 | D:5      | Identified the ring "Goqeusm" {Fly rElec rPois EV+5}
  5408 | D:5      | Identified the ring of Serendipity {rF+ rCorr Str-4 Int+4}
  5457 | D:5      | Noticed PyroL's ghost (novice OpTm)
  5473 | D:5      | Found a transporter.
  5473 | D:5      | Found a transporter.
  6072 | D:6      | Learned a level 4 spell: Sticky Flame
  6263 | D:6      | Noticed Pikel
  6270 | D:6      | Killed Pikel
  6584 | D:6      | Gained mutation: You have very sharp fingernails. [demonic
                  | ancestry]
  6584 | D:6      | Reached XP level 9. HP: 64/64 MP: 10/15
  7510 | D:7      | Found a flagged portal.
  7529 | Bailey   | Entered a bailey
  8263 | D:7      | Found a staircase to the Ecumenical Temple.
  8274 | Temple   | Entered the Ecumenical Temple
  8355 | Temple   | Became a worshipper of Ashenzari the Shackled
  8483 | D:7      | Found an opulent altar of Gozag.
  8483 | D:7      | Found a sparkling altar of Nemelex Xobeh.
  8493 | D:7      | Reached skill level 5 in Fighting
  9036 | D:8      | Reached skill level 5 in Conjurations
  9178 | D:8      | Found a large runed translucent door.
  9178 | D:8      | Found a large runed translucent door.
  9220 | D:7      | Reached XP level 10. HP: 46/74 MP: 0/16
  9860 | D:8      | Found a staircase to the Lair.
 10021 | D:8      | You are sucked into a shaft and drop 1 floor!
 10030 | D:9      | Reached skill level 5 in Spellcasting
 10064 | D:9      | Reached * piety under Ashenzari
 10265 | D:8      | Found an iron altar of Okawaru.
 10268 | D:8      | Found a hazy altar of Hepliaklqana.
 10911 | D:9      | Reached ** piety under Ashenzari
 11088 | D:9      | Found a burning altar of Makhleb.
 11175 | D:10     | Entered Level 10 of the Dungeon
 11309 | D:10     | Noticed a two-headed ogre
 11314 | D:10     | Killed a two-headed ogre
 11315 | D:10     | Reached skill level 2 in Dodging
 11315 | D:10     | Gained mutation: You are mostly covered in razor-sharp
                  | scales. (AC +2, Slay +2) [demonic ancestry]
 11315 | D:10     | Reached XP level 11. HP: 85/85 MP: 11/20
 11316 | D:10     | Noticed a two-headed ogre
 11323 | D:10     | Killed a two-headed ogre
 11475 | D:10     | Noticed a two-headed ogre
 11482 | D:10     | Killed a two-headed ogre
 11483 | D:10     | Reached skill level 3 in Dodging
 12123 | D:11     | Noticed a two-headed ogre
 12126 | D:11     | Reached *** piety under Ashenzari
 12129 | D:11     | Killed a two-headed ogre
 12481 | D:11     | Noticed Fannar
 12496 | D:11     | Killed Fannar
 12497 | D:11     | Reached skill level 4 in Dodging
 13100 | D:10     | Reached **** piety under Ashenzari
 13543 | D:10     | Found a staircase to the Orcish Mines.
 13651 | Orc:1    | Entered Level 1 of the Orcish Mines
 13815 | Orc:1    | Reached skill level 5 in Dodging
 13994 | Orc:2    | Entered Level 2 of the Orcish Mines
 13995 | Orc:2    | Noticed an orc high priest
 14418 | Lair:1   | Entered Level 1 of the Lair of Beasts
 14446 | Lair:1   | Learned a level 5 spell: Fireball
 14577 | Lair:1   | Found a frozen archway.
 14607 | IceCv    | Entered an ice cave
 14748 | IceCv    | Found a transporter.
 14752 | IceCv    | Noticed a white ugly thing
 14757 | IceCv    | Found a transporter.
 14757 | IceCv    | Identified the +7 battleaxe of Wyrd {flame, Will- rCorr
                  | Dex+7}
 14946 | Lair:1   | Gained mutation: Your presence sometimes corrodes those you
                  | injure. [demonic ancestry]
 14946 | Lair:1   | Reached XP level 12. HP: 97/97 MP: 15/24
 15468 | Lair:1   | Reached skill level 6 in Dodging
 15923 | Lair:1   | Found a runed translucent door.
 15923 | Lair:1   | Identified the +0 robe of Toeng {Str+4}
 15923 | Lair:1   | Noticed Rupert
 16042 | Lair:2   | Reached skill level 10 in Fighting
 16120 | Lair:2   | Found a staircase to the Swamp.
 16305 | Lair:2   | Noticed Amaemon
 16742 | Lair:1   | Killed Amaemon
 17160 | Lair:2   | Reached skill level 7 in Dodging
 17867 | Lair:3   | Reached ***** piety under Ashenzari
 17881 | Lair:3   | Reached skill level 10 in Fire Magic
 18434 | Lair:2   | Reached skill level 8 in Dodging
 18660 | Lair:2   | Gained mutation: You are mostly covered in sharp spines.
                  | [demonic ancestry]
 18660 | Lair:2   | Reached XP level 13. HP: 72/106 MP: 22/26
 18771 | Lair:3   | Found a staircase to the Snake Pit.
 18792 | Lair:3   | Identified the +1 flail of the Walnut {flame, rElec MP+9
                  | Str-4}
 19315 | Lair:3   | Gained mutation: You have claws for hands. [demonic
                  | ancestry]
 19315 | Lair:3   | Reached XP level 14. HP: 115/115 MP: 27/27
 19355 | Lair:3   | Reached skill level 9 in Dodging
 21036 | D:1      | Bought the +4 robe of Folly {Brilliance Will-∞ Int+8} for
                  | 1335 gold pieces
 21036 | D:1      | Found the +4 robe of Folly {Brilliance Will-∞ Int+8}
 21036 | D:1      | Bought a buckler for 135 gold pieces
 21233 | Lair:5   | Entered Level 5 of the Lair of Beasts
 21379 | Lair:5   | Reached skill level 1 in Shields
 21685 | Lair:5   | Reached skill level 10 in Dodging
 22716 | Lair:5   | Found a runed translucent door.
 22719 | Lair:5   | Found a staircase to the Slime Pits.
 22719 | Lair:5   | Noticed an acid blob
 24062 | D:12     | Found Takhues's Antique Weapon Emporium.
 24126 | D:13     | Identified a scroll of acquirement
 24136 | D:13     | Acquired a book of Alchemy
 24332 | D:12     | Learned a level 5 spell: Irradiate
 24342 | D:12     | Reached skill level 1 in Transmutations
 24769 | D:13     | Found a gate to the Vaults.
 24891 | D:13     | Found Waur's Armour Boutique.
 24892 | D:13     | Found Wickugg's Assorted Antiques.
 24892 | D:13     | Found Woilaros's Book Boutique.
 24899 | D:13     | Found Kiog's Armour Boutique.
 25321 | D:13     | Gained mutation: Your presence sometimes corrodes or
                  | deforms those you injure. [demonic ancestry]
 25321 | D:13     | Reached XP level 15. HP: 113/125 MP: 23/28
 25346 | D:13     | Reached skill level 11 in Dodging
 26644 | D:15     | Entered Level 15 of the Dungeon
 26648 | D:15     | Noticed Jorgrun
 26796 | D:15     | Killed Jorgrun
 27014 | D:15     | Found a runed translucent door.
 27034 | D:15     | Found Lawiuff's Book Boutique.
 27233 | D:15     | Found a staircase to the Depths.
 27967 | D:15     | Found an opulent altar of Gozag.
 28038 | D:15     | Noticed a frost giant
 28045 | D:15     | Killed a frost giant
 28444 | D:15     | Identified the +1 ring mail of Beluippi {Str+4}
 28462 | D:15     | Learned a level 8 spell: Ignition
 28655 | Orc:2    | Found a one-way gate to the infinite horrors of the Abyss.
 28876 | Orc:2    | Found a corrupted altar of Lugonu.
 28955 | Orc:2    | Reached skill level 1 in Armour
 28983 | Orc:2    | Gained mutation: You occasionally lose the ability to drink
                  | potions when taking damage. [a neqoxec]
 29179 | Orc:2    | Reached skill level 15 in Fighting
 29432 | Orc:2    | Found Uxzua's Book Shoppe.
 29437 | Orc:2    | Found Puleq's General Store.
 29444 | Orc:2    | Found Neixkuiw's Antique Weapon Shop.
 29446 | Orc:2    | Found Qukaol's Book Shoppe.
 29670 | Orc:2    | Found a staircase to the Elven Halls.
 30664 | Swamp:1  | Entered Level 1 of the Swamp
 30828 | Swamp:1  | Identified Sif Muna's Treatise on Clouds
 30848 | Swamp:1  | Reached XP level 16. HP: 98/136 MP: 1/29
 31085 | Swamp:1  | Reached ****** piety under Ashenzari
 31589 | Swamp:2  | Reached skill level 5 in Armour
 32577 | Swamp:3  | Reached skill level 12 in Dodging
 32577 | Swamp:3  | Reached skill level 1 in Earth Magic
 33264 | Swamp:3  | Noticed a tentacled monstrosity
 33279 | Swamp:3  | Killed a tentacled monstrosity
 33520 | Swamp:4  | Entered Level 4 of the Swamp
 33531 | Swamp:4  | Found the ring of the Hare {EV+10}
 33534 | Swamp:4  | Reached skill level 10 in Spellcasting
 34416 | D:13     | Bought a book of Iron for 648 gold pieces
 34422 | D:13     | Learned a level 5 spell: Yara's Violent Unravelling
 34429 | D:13     | Learned a level 6 spell: Iron Shot
 35320 | Swamp:4  | Noticed the 27-headed Lernaean hydra
 35326 | Swamp:4  | Killed the 27-headed Lernaean hydra
 35621 | Swamp:4  | Reached skill level 13 in Dodging
 35892 | Swamp:4  | Got a decaying rune of Zot
 36291 | Snake:1  | Entered Level 1 of the Snake Pit
 36387 | Snake:1  | Reached XP level 17. HP: 147/147 MP: 29/34
 38031 | Snake:2  | Reached skill level 5 in Earth Magic
 38428 | Snake:3  | Found Cudugubu's General Store.
 38502 | Snake:3  | Found Jumoal's Book Emporium.
 38595 | Snake:3  | Noticed Nikola
 38601 | Snake:3  | Killed Nikola
 38738 | Snake:3  | Noticed Aizul
 38747 | Snake:3  | Killed Aizul
 38913 | Snake:3  | Reached skill level 15 in Fire Magic
 38995 | Snake:3  | Found Kodox's Weapon Shoppe.
 39267 | Snake:4  | Entered Level 4 of the Snake Pit
 40374 | Snake:3  | Learned a level 7 spell: Orb of Destruction
 40909 | Snake:4  | Reached skill level 5 in Shields
 40909 | Snake:4  | Reached XP level 18. HP: 156/156 MP: 15/36
 41349 | Snake:4  | Got a serpentine rune of Zot
 42238 | Elf:1    | Entered Level 1 of the Elven Halls
 42636 | Elf:1    | Identified Zagecakk's Treatise on Rallying
 42639 | Elf:1    | Noticed a Tzitzimitl
 43102 | Elf:1    | Found Teghajuu's Antique Weapon Shoppe.
 43627 | Elf:2    | Found a runed translucent gate.
 43628 | Elf:2    | Found a runed translucent gate.
 43628 | Elf:2    | Found a runed translucent gate.
 43924 | Elf:2    | Found Aleyhoah's Jewellery Boutique.
 44252 | Elf:3    | Entered Level 3 of the Elven Halls
 44318 | Elf:3    | Found Cusalotisi's Book Shoppe.
 44884 | Abyss:2  | Cast into level 2 of the Abyss (a deep elf sorcerer)
 44885 | Abyss:2  | Reached skill level 10 in Shields
 44922 | Elf:3    | Escaped the Abyss
 44922 | Elf:3    | Identified the amulet "Cufekew" {Faith rC+}
 44933 | Elf:3    | Reached XP level 19. HP: 166/166 MP: 13/36
 45088 | Elf:3    | Identified the Encyclopedia of Gritty Blight
 45089 | Elf:3    | Identified Witchery in Simple Steps
 45224 | Elf:3    | Identified the ring of the Trout {Will+ Str+2}
 45402 | Elf:3    | Identified the Incunable of Pyromania and Profane Magic
 45404 | Elf:3    | Identified the +3 ring mail of Cheibriados's Grace {rPois
                  | Str+2 Slay+3}
 45844 | Vaults:1 | Entered Level 1 of the Vaults
 45848 | Vaults:1 | Found a crumbling gateway.
 45867 | Desolati | Entered the Desolation of Salt
 45928 | Desolati | Identified the +7 spear "Bianlo Qifyh" {holy, Str+7}
 45929 | Desolati | Identified the Compendium of the Wind
 45975 | Desolati | Identified the Grimoire of Toxins and the Figure
 45976 | Desolati | Identified the +2 battleaxe "Boaps" {freeze, rF- Str+8}
 46037 | Desolati | Identified the ring "Loevys" {rF+ Will+ Stlth+}
 46039 | Desolati | Identified the Verses on the Spatial Grave
 46042 | Desolati | Identified Luirum's Spellbook of the Quantum Zephyr
 46407 | Vaults:1 | Found a flickering gateway to a bazaar.
 46413 | Bazaar   | Entered a bazaar
 46493 | Bazaar   | Found Deyps's Assorted Antiques.
 46515 | Bazaar   | Found Kydauc's Magic Scroll Emporium.
 46536 | Bazaar   | Found Garhunn's Antique Armour Boutique.
 46556 | Bazaar   | Found Woh Wuubb's Antique Armour Shoppe.
 46562 | Bazaar   | Bought a pair of jewelled boots for 247 gold pieces
 46562 | Bazaar   | Identified the +0 pair of boots of Mordant Satisfaction
                  | {Fly rPois Dex-3} (You bought it in a shop in a bazaar)
 46600 | Bazaar   | Bought a scroll of teleportation for 30 gold pieces
 46600 | Bazaar   | Bought a scroll of blinking for 75 gold pieces
 46615 | Bazaar   | Bought a scroll of blinking for 187 gold pieces
 46615 | Bazaar   | Bought a scroll of teleportation for 75 gold pieces
 46615 | Bazaar   | Bought a scroll of poison for 100 gold pieces
 47917 | Vaults:2 | Reached XP level 20. HP: 176/176 MP: 28/37
 48083 | Vaults:2 | Found a staircase to the Crypt.
 48340 | Vaults:2 | Found the +27 heavy crossbow "Sniper" {heavy, Acc+∞ SInv}
 48598 | Vaults:2 | Reached skill level 10 in Conjurations
 50779 | Vaults:3 | Reached skill level 14 in Dodging
 51542 | Vaults:4 | Found Waptor Rium's Magic Scroll Shoppe.
 51546 | Vaults:4 | Bought a scroll of acquirement for 884 gold pieces
 51546 | Vaults:4 | Acquired the amulet "Oniog" {Rampage +Inv Regen+ Int+8
                  | Dex-2}
 52447 | Vaults:4 | Reached skill level 10 in Earth Magic
 52452 | Vaults:4 | Gained mutation: You are completely covered in razor-sharp
                  | scales. (AC +3, Slay +3) [demonic ancestry]
 52452 | Vaults:4 | Reached XP level 21. HP: 183/183 MP: 16/39
 52855 | Vaults:4 | Reached skill level 15 in Dodging
 52936 | Vaults:4 | Paralysed by a great orb of eyes for 4 turns
 53748 | Vaults:5 | Entered Level 5 of the Vaults
 53756 | Vaults:5 | Noticed a dread lich
 53822 | Vaults:4 | Paralysed by a dread lich for 4 turns
 53826 | Vaults:4 | Killed a dread lich
 54025 | Vaults:5 | Reached skill level 1 in Staves
 54025 | Vaults:5 | Reached skill level 1 in Evocations
 54184 | Vaults:5 | Paralysed by an ogre mage for 2 turns
 54682 | Depths:1 | Entered Level 1 of the Depths
 54993 | Depths:1 | Found Waucep's Assorted Antiques.
 54993 | Depths:1 | Found Uluexyji's Jewellery Shoppe.
 55032 | Depths:1 | Reached skill level 5 in Evocations
 55064 | Depths:1 | Found Ytupruig's Book Emporium.
 55193 | Depths:1 | Found Qyepsian's Jewellery Shoppe.
 55283 | Depths:1 | Found a gateway to Hell.
 55504 | Depths:1 | Reached skill level 5 in Staves
 55580 | Depths:1 | Found a runed translucent gate.
 55582 | Depths:1 | Found a runed translucent gate.
 55582 | Depths:1 | Found an ancient bone altar of Kikubaaqudgha.
 55582 | Depths:1 | Noticed strangelove's ghost (master GrEE)
 55582 | Depths:1 | Noticed Soesill's ghost (adept DgCj)
 55583 | Depths:1 | Found a runed translucent gate.
 55583 | Depths:1 | Noticed an ancient lich
 55583 | Depths:1 | Noticed Barug's ghost (adept TrMo)
 55583 | Depths:1 | Identified the amulet of Xom's Full Attention {Faith
                  | Slay+5}
 55584 | Depths:1 | Identified the +0 pair of boots of the Bulwark {rElec
                  | Int+3}
 55847 | Depths:1 | Gained mutation: You can speak a Word of Chaos. [demonic
                  | ancestry]
 55847 | Depths:1 | Reached XP level 22. HP: 190/190 MP: 33/40
 56721 | Depths:2 | Found a one-way gateway to a ziggurat.
 56722 | Depths:2 | Noticed Grunn
 56727 | Depths:2 | Killed Grunn
 56728 | Depths:2 | Reached skill level 5 in Transmutations
 57171 | Depths:2 | Noticed a golden dragon
 57176 | Depths:2 | Killed a golden dragon
 57236 | Depths:2 | Noticed a juggernaut
 57245 | Depths:2 | Killed a juggernaut
 57668 | Depths:2 | Found a one-way gate leading to the halls of Pandemonium.
 58139 | Orc:2    | Bought a book of Sloth for 576 gold pieces
 58146 | Orc:2    | Learned a level 6 spell: Statue Form
 58351 | Depths:3 | Noticed a golden dragon
 58356 | Depths:3 | Killed a golden dragon
 58418 | Depths:3 | Identified the cursed +2 pair of boots "Sorrow of
                  | Ashenzari" {Fly, Fort, Elem} (You found it in a bailey)
 58555 | Depths:3 | Found Heilic's Serpentskin Sales.
 58706 | Depths:3 | Noticed a golden dragon
 58712 | Depths:3 | Killed a golden dragon
 58825 | Depths:3 | Noticed a juggernaut
 58829 | Depths:3 | Killed a juggernaut
 58944 | Depths:3 | Identified the +1 chain mail of the Eternal Fruit {rC+}
 58945 | Depths:3 | Noticed Saint Roka
 58958 | Depths:3 | Killed Saint Roka
 59375 | Depths:3 | Noticed Frederick
 59378 | Depths:3 | Killed Frederick
 59588 | Depths:4 | Entered Level 4 of the Depths
 59923 | Depths:4 | Noticed a golden dragon
 59940 | Depths:4 | Killed a golden dragon
 59958 | Depths:4 | Reached skill level 10 in Staves
 60315 | Depths:4 | Noticed a golden dragon
 60321 | Depths:4 | Killed a golden dragon
 60707 | Depths:4 | Found a gate to the Realm of Zot.
 60968 | Hell     | Entered the Vestibule of Hell
 60968 | Hell     | Noticed Geryon
 61053 | Depths:4 | Gained mutation: You are completely covered in sharp
                  | spines. [demonic ancestry]
 61053 | Depths:4 | Reached XP level 23. HP: 194/196 MP: 19/41
 61352 | Zig:1    | Entered Level 1 of a ziggurat
 61352 | Zig:1    | Identified A Thorough Guide to Incantation
 61379 | Zig:2    | Entered Level 2 of a ziggurat
 61404 | Zig:3    | Entered Level 3 of a ziggurat
 61457 | Zig:4    | Entered Level 4 of a ziggurat
 61457 | Zig:4    | Noticed a curse toe
 61457 | Zig:4    | Identified the ring of Enemamnipou {rF+ Slay+3}
 61462 | Zig:4    | Killed a curse toe
 61562 | Zig:5    | Entered Level 5 of a ziggurat
 61569 | Zig:5    | Found the +3 pair of seven-league boots {Rampage+∞}
 61569 | Zig:5    | Identified the +2 tower shield "Jaigus" {rElec rPois}
 61687 | Zig:6    | Entered Level 6 of a ziggurat
 61690 | Zig:6    | Noticed a Killer Klown
 61690 | Zig:6    | Noticed a Killer Klown
 61690 | Zig:6    | Identified the +3 steam dragon scales "Tacwiq" {Int+2}
 61690 | Zig:6    | Noticed a Killer Klown
 61691 | Zig:6    | Killed a Killer Klown
 61691 | Zig:6    | Killed a Killer Klown
 61692 | Zig:6    | Reached skill level 10 in Armour
 61693 | Zig:6    | Killed a Killer Klown
 61752 | Zig:7    | Entered Level 7 of a ziggurat
 61756 | Zig:7    | Identified the +2 pair of boots of Undesirable Species
                  | {Will- rCorr Str+2}
 61757 | Zig:7    | Noticed a royal mummy
 61757 | Zig:7    | Noticed a royal mummy
 61759 | Zig:7    | Killed a royal mummy
 61761 | Zig:7    | Killed a royal mummy
 61834 | Zig:7    | Identified Seegusm's Essays on Violent Reformation
 61856 | Zig:8    | Entered Level 8 of a ziggurat
 61860 | Zig:8    | Identified the +8 battleaxe of a Gauntlet {drain, Int+3
                  | Dex+8 Stlth-}
 61951 | Zig:9    | Entered Level 9 of a ziggurat
 61958 | Zig:9    | Noticed a dread lich
 61958 | Zig:9    | Identified the +6 shortbow of Enormous Fortitude {drain,
                  | rF+ Str+2 Int+3 Dex-5}
 61961 | Zig:9    | Killed a dread lich
 62007 | Zig:9    | Reached XP level 24. HP: 204/204 MP: 41/41
 62020 | Zig:10   | Entered Level 10 of a ziggurat
 62026 | Zig:10   | Identified the Compilation of Beckoning
 62026 | Zig:10   | Identified the Papyrus of Mercurial Lightning
 62026 | Zig:10   | Found the +8 orange crystal plate armour {Archmagi, Int+3
                  | Clar}
 62026 | Abyss:2  | Cast into level 2 of the Abyss (a deep elf demonologist)
 62037 | Zig:10   | Escaped the Abyss
 62039 | Zig:10   | Reached skill level 16 in Dodging
 62386 | Orc:2    | Bought a book of the Earth for 612 gold pieces
 62392 | Orc:2    | Learned a level 5 spell: Lee's Rapid Deconstruction
 62727 | Slime:1  | Entered Level 1 of the Pits of Slime
 62915 | Slime:4  | Gained mutation: You are weak. (Str -2) [a shining eye]
 63007 | Slime:5  | Entered Level 5 of the Pits of Slime
 63033 | Slime:5  | Noticed the Royal Jelly
 63039 | Slime:5  | Killed the Royal Jelly
 63055 | Slime:5  | Paralysed by a great orb of eyes for 4 turns
 63515 | Slime:5  | Identified the +6 chain mail "Ymiuqibb" {Harm rF+ rC+
                  | Dex-5}
 63517 | Slime:5  | Identified the ring "Vafuig" {Dex+6 SInv}
 63518 | Slime:5  | Found the +5 robe of Night {Dark Will+ SInv}
 63662 | Slime:5  | Got a slimy rune of Zot
 64450 | Vaults:5 | Found Tawkoreo's Magic Scroll Emporium.
 64454 | Vaults:5 | Bought a scroll of blinking for 135 gold pieces
 64459 | Vaults:5 | Found Wenip's Magic Scroll Boutique.
 64460 | Vaults:5 | Reached skill level 17 in Dodging
 64518 | Vaults:5 | Bought a scroll of blinking for 112 gold pieces
 64518 | Vaults:5 | Bought a scroll of magic mapping for 112 gold pieces
 64554 | Vaults:5 | Gained mutation: You are powered by pain. [demonic
                  | ancestry]
 64554 | Vaults:5 | Reached XP level 25. HP: 203/203 MP: 1/40
 64569 | Vaults:5 | Found Gyenock's Magic Scroll Shoppe.
 65084 | Vaults:5 | Identified the +5 great sword of Disarray {freeze, rF+
                  | Dex+2}
 65088 | Vaults:5 | Identified the ring of the Open Hand {Fly Will+ rCorr}
 65306 | Vaults:5 | Identified the +8 short sword of the Walnut {flame, Fly
                  | Will+ Str+4 Stlth-}
 65558 | Vaults:5 | Found Zebb's Distillery.
 65563 | Vaults:5 | Bought a potion of resistance for 220 gold pieces
 65563 | Vaults:5 | Bought a potion of curing for 66 gold pieces
 65563 | Vaults:5 | Bought a potion of curing for 66 gold pieces
 65563 | Vaults:5 | Bought a potion of haste for 220 gold pieces
 65586 | Vaults:5 | Found Qeruts's Magic Scroll Shoppe.
 65589 | Vaults:5 | Found Fimy's Magic Scroll Boutique.
 65590 | Vaults:5 | Bought a scroll of summoning for 133 gold pieces
 65597 | Vaults:5 | Bought a scroll of summoning for 190 gold pieces
 65597 | Vaults:5 | Bought a scroll of blinking for 150 gold pieces
 65597 | Vaults:5 | Bought a scroll of fog for 80 gold pieces
 65758 | Vaults:5 | Got a silver rune of Zot
 66131 | Vaults:5 | Found Ficuotz's Magic Scroll Shop.
 66156 | Vaults:5 | Bought a scroll of fog for 64 gold pieces
 66156 | Vaults:5 | Bought a scroll of summoning for 152 gold pieces
 66235 | Vaults:5 | Upgraded the game from 0.30-a0-578-gdee14c521f to
                  | 0.30-a0-585-g93115170b9
 66578 | Zot:1    | Entered Level 1 of the Realm of Zot
 66582 | Zot:1    | Noticed Vv
 66672 | Zot:1    | Killed Vv
 66803 | Zot:1    | Reached skill level 18 in Dodging
 66861 | Zot:1    | Reached skill level 15 in Spellcasting
 67413 | Zot:4    | Found the +8 Wrath of Trog {antimagic, *Rage Rampage}
 68663 | Zot:5    | Entered Level 5 of the Realm of Zot
 69261 | Zot:5    | Noticed an orb of fire
 69263 | Zot:5    | Noticed an orb of fire
 69266 | Zot:5    | Killed an orb of fire
 69266 | Zot:5    | Noticed an orb of fire
 69271 | Zot:5    | Noticed an orb of fire
 69271 | Zot:5    | Killed an orb of fire
 69272 | Zot:5    | Reached skill level 19 in Dodging
 69275 | Zot:5    | Killed an orb of fire
 69279 | Zot:5    | Killed an orb of fire
 69282 | Zot:5    | Noticed a Killer Klown
 69286 | Zot:5    | Noticed a Killer Klown
 69328 | Zot:5    | Killed a Killer Klown
 69341 | Zot:5    | Killed a Killer Klown
 69370 | Zot:5    | Noticed an orb of fire
 69404 | Zot:5    | Killed an orb of fire
 69503 | Zot:5    | Noticed a dread lich
 69510 | Zot:5    | Killed a dread lich
 69511 | Zot:5    | Reached XP level 26. HP: 211/211 MP: 19/43
 69647 | Zot:5    | Noticed a dread lich
 69652 | Zot:5    | Killed a dread lich
 69655 | Zot:5    | Noticed a dread lich
 69676 | Zot:5    | Killed a dread lich
 69697 | Zot:5    | Noticed a dread lich
 69702 | Zot:5    | Killed a dread lich
 69826 | Zot:5    | Acquired 732 gold pieces
 69837 | Zot:5    | Noticed an ancient lich
 69843 | Zot:5    | Killed an ancient lich
 69844 | Zot:5    | Noticed an ancient lich
 69852 | Zot:5    | Killed an ancient lich
 70405 | Zot:5    | Noticed an ancient lich
 70422 | Zot:5    | Killed an ancient lich
 70435 | Zot:5    | Reached skill level 20 in Dodging
 70599 | Zot:5    | Noticed an ancient lich
 70603 | Zot:5    | Killed an ancient lich
 71198 | Zot:5    | Got the Orb of Zot
 71507 | D:11     | Noticed a seraph
 71746 | D:$      | Escaped with the Orb!

Illustrated notes

Levels and vault maps discovered:
D:1:      tarquinn_simple_flora_water_d, layout_rooms,
          shapermc_ecumenical_altar_gd, serial_shops,
          nicolae_shop_bloodbath_and_beyond, nicolae_shop_waterfront,
          nicolae_shop_waterfront, nicolae_shop_behind_doors,
          kennysheep_minor_cross
D:2:      layout_basic, uniq_sigmund, uniq_robin
D:3:      layout_loops_corners
D:4:      kennysheep_goblin_castle, layout_loops_ring,
          mainiacjoe_overflow_divided_tiny, goddamned_bats
D:5:      layout_loops_ring, gammafunk_ghost_gnarly_gnolls, uniq_blork_the_orc
D:6:      wad_woods_tower, layout_basic, chequers_serial_rivers_micro_a,
          uniq_pikel
D:7:      layout_basic, grunt_temple_overflow_opulence,
          minmay_temple_entry_hall, enter_bailey_5
D:8:      layout_rooms, jmf_multi_god_temple2, grunt_lair_entry_orc_guard_hut
D:9:      layout_cave_pools, nicolae_overflow_hidden_temple
D:10:     layout_loops_cross, david_orc_4, minmay_rotating_lava
D:11:     layout_long_grid, uniq_fannar
D:12:     layout_basic, serial_shops, nicolae_shop_advertising_works
          [nicolae_subvault_shop_adworks]
D:13:     layout_gridville, ximxim_vaults_locker_room, minmay_shop_grid_forest
D:14:     layout_irregular_city, solitary_fountain, chequers_decorated_corner
D:15:     hangedman_depths_entry_try_elsewhere_first, layout_loops_corners,
          lemuel_tele_altar, serial_shops, shop_statue, lightli_airlock,
          uniq_jorgrun
Temple:   compressed_dpeg_circular_temple
Lair:1:   layout_layer_cave, portal_ice_cave_entry_ice_simulacra,
          columned_hall_lemuel, pdpol_lair_cabin_in_the_woods
Lair:2:   layout_gridlike, skrybe_swamp_entry_bodies, grunt_megastairs_3,
          serial_bayou_shore_b, uniq_amaemon
Lair:3:   layout_cave_pods, minmay_snake_entry_six_corridors
Lair:4:   layout_loops_ring, lemuel_fruit_fields, lemuel_fruit_tree,
          lemuel_fruit_fields
Lair:5:   grunt_lair_end_beastmaster, layout_loops_ring, slime_entry_2
Swamp:1:  layout_basic_swamp, evilmike_swamp_ruin_house_4, swamp_pool1
Swamp:2:  layout_falls_marsh, evilmike_swamp_ruin_house_1,
          infiniplex_staircase_pool_2
Swamp:3:  layout_basic_swamp, evilmike_swamp_ruin_rubble_1, st_shrine_of_shade,
          infiniplex_staircase_pool
Swamp:4:  swamp_old_school, layout_basic_swamp
Snake:1:  layout_misc_corridors, grunt_megastairs_4
Snake:2:  layout_honeycomb
Snake:3:  layout_misc_corridors, serial_shops, nicolae_take_the_stairs, shop,
          shop, uniq_nikola, uniq_aizul
Snake:4:  johnstein_snake_rune_scales, layout_cave_town
Slime:1:  cheibrodos_slime_lost_civilization_3, layout_caves
Slime:2:  layout_caves
Slime:3:  nicolae_slime_pool, layout_caves, nicolae_slime_barrier
Slime:4:  layout_caves
Slime:5
Orc:1:    nicolae_orc_accident_2, layout_caves
Orc:2:    st_orc_elflike, layout_diamond_mine, amcnicky_altar_lugonu_corruption
Elf:1:    layout_loops_corners, serial_shops, shop, minmay_elf_demonology
Elf:2:    nicolae_elf_blades_crystal_corner, layout_geoelf_grid, serial_shops,
          nicolae_shop_competitors_out_of_business, serial_glass,
          glass_columns_a, glass_columns_a
Elf:3:    minmay_elf_hall_spiked, layout_geoelf_diagonals, serial_shops, shop
Vaults:1: portal_desolation_entry_nicolae_nacl, v_misc_13, vaults_mumra_hex,
          hangedman_vaults_maws, v_alt_pattern_2, ontoclasm_vaults_twist,
          hangedman_vaults_stitches, nicolae_vaults_ninety_degrees, v_rooms_2,
          v_alt_pattern_3, nicolae_vaults_ring_of_whatevers,
          nicolae_vaults_shelves_hall, vaults_dpeg_encased_lava,
          layout_vaults_omnicross, serial_shops, bzr_entry_road, serial_glass
Vaults:2: nicolae_vaults_network_periphery, grunt_vaults_bifocal,
          nicolae_vaults_twisting_passages, grunt_vaults_diagonal,
          minmay_crypt_entry_simple_walls, vaults_room_semicircle, v_pattern_4,
          v_rooms_3, ontoclasm_vaults_gateway, v_misc_31,
          hangedman_vaults_locks, v_misc_8, st_cells,
          grunt_vaults_hallway_short, v_misc_25, ontoclasm_vaults_bender,
          vaults_room_pool, nicolae_vaults_little_squares_4,
          layout_vaults_omnibox
Vaults:3: nicolae_vaults_network_quincunx
          [nicolae_vaults_network_quincunx_subvault,
          nicolae_vaults_network_quincunx_subvault,
          nicolae_vaults_network_quincunx_subvault,
          nicolae_vaults_network_quincunx_subvault,
          nicolae_vaults_network_quincunx_subvault], vaults_mumra_lcd,
          grunt_vaults_swirl, hangedman_vaults_hard_town_square,
          hangedman_vaults_stagger, v_misc_14, hangedman_vaults_slice,
          v_misc_29, v_alt_pattern_3, v_alt_pattern_1, v_alt_pattern_6,
          vaults_dpeg_spiral, vaults_dpeg_ring, layout_vaults_maze
Vaults:4: hangedman_vaults_snaps, nicolae_vaults_triangles,
          nicolae_vaults_little_squares_6, vaults_dpeg_doors,
          vaults_room_hangedman_quadrants, nicolae_vaults_gold_heap,
          hangedman_vaults_trim, nicolae_vaults_network_s,
          layout_vaults_quadrants, serial_shops, shop
Vaults:5: serial_shops
Depths:1: layout_gridlike, hell_entry, serial_bayou_pond_c,
          gammafunk_ghost_crypt, hangedman_decor_lopped,
          hangedman_decor_growths, lemuel_flame_loot_1, minmay_shoptagon
Depths:2: nzn_winding_woodlands_cross [nzn_winding_woodlands_5x15_default,
          nzn_winding_woodlands_5x15_river_crossing,
          nzn_winding_woodlands_5x15_pathside_ponds,
          nzn_winding_woodlands_5x15_default,
          nzn_winding_woodlands_15x15_thick_spiral], layout_gridville,
          enter_ziggurat_d, chequers_serial_rivers_small_a, pan_entry,
          grunt_mini_vestibule, drop_trap, uniq_grunn
Depths:3: minmay_diamond_stairs, layout_gridlike, hell_entry,
          amcnicky_mini_rare_corridor_liquid, hangedman_abyss_entry_splay,
          rand_demon_pan_entry_9, guppyfry_shop_venom, uniq_saint_roka,
          uniq_frederick
Depths:4: grunt_twist_and_shout, layout_gridlike, minmay_misc_feat_alley,
          pf_hell_entry_great_geh, serial_glass, glass_columns_a,
          glass_columns_a
Hell
Zot:1:    layout_onion_interference, grunt_ministairs_2, grunt_megastairs_5,
          uniq_vv
Zot:2:    grunt_deathspiral_small, layout_concentric_octagons,
          lemuel_baited_zot_trap
Zot:3:    kennysheep_bubbly, layout_onion, zot_minivault_1
Zot:4:    lemuel_firehouse, layout_cathedral_of_symmetry
Zot:5:    layout_cathedral_of_symmetry

Skill      XL: |  1  2  3  4  5  6  7  8  9 10 11 12 13 14 15 16 17 18 19 20 21 22 23 24 25 26 |
---------------+-------------------------------------------------------------------------------+-----
Stealth        | 2 3 4 |  4.6
Fire Magic     | 3 4 5 6 7 9 10 12 13 14 16 18 | 18.2
Spellcasting   | 3 4 6 8 9 10 11 12 13 16 17 | 17.9
Hexes          | 1 3 |  3.7
Fighting       | 3 5 7 9 11 12 13 15 16 17 | 17.8
Conjurations   | 3 5 7 8 9 11 | 11.6
Dodging        | 2 5 8 10 11 13 14 15 17 19 20 | 20.4
Shields        | 2 5 10 | 10.5
Transmutations | 2 4 7 |  7.0
Armour         | 4 6 7 8 13 | 13.8
Earth Magic    | 3 6 10 12 | 12.2
Staves         | 5 11 12 | 12.0
Evocations     | 5 7 |  7.6

Action                   |  1- 3 |  4- 6 |  7- 9 | 10-12 | 13-15 | 16-18 | 19-21 | 22-24 | 25-27 || total
-------------------------+-------+-------+-------+-------+-------+-------+-------+-------+-------++-------
Melee: Spear             |    39 |   132 |    96 |    90 |   227 |    86 |    56 |       |       ||   726
       Unarmed           |     5 |       |       |       |       |       |       |       |       ||     5
       Punch             |       |     1 |     1 |     3 |       |       |       |       |       ||     5
       Staff             |       |       |       |       |       |       |    39 |    91 |   138 ||   268
 Cast: Foxfire           |    37 |    26 |    48 |    66 |     2 |     3 |       |       |       ||   182
       Scorch            |    10 |    23 |   114 |   140 |    24 |    11 |       |       |       ||   322
       Inner Flame       |       |       |    13 |    74 |    58 |       |       |       |       ||   145
       Sticky Flame      |       |       |       |    14 |     6 |     5 |       |       |       ||    25
       Fireball          |       |       |       |    25 |   224 |    74 |       |       |       ||   323
       Irradiate         |       |       |       |       |    16 |    24 |    23 |    17 |     6 ||    86
       Iron Shot         |       |       |       |       |       |   245 |   240 |   195 |   229 ||   909
       Ignition          |       |       |       |       |       |    72 |   106 |    74 |    16 ||   268
       Orb of Destructio |       |       |       |       |       |    24 |    46 |    26 |    37 ||   133
       Statue Form       |       |       |       |       |       |       |       |     6 |     4 ||    10
       Lee's Rapid Decon |       |       |       |       |       |       |       |    17 |    12 ||    29
Invok: Curse Item        |       |       |     1 |     7 |     2 |     2 |     2 |     1 |       ||    15
       Shatter the Chain |       |       |       |       |     1 |     2 |     1 |     1 |       ||     5
 Abil: End Transformatio |       |       |       |       |       |       |       |       |     2 ||     2
Evoke: Wand              |       |       |     1 |     3 |     1 |     1 |       |     1 |     5 ||    12
  Use: Potion            |     1 |       |     3 |       |     1 |     6 |     3 |     3 |    14 ||    31
       Scroll            |     3 |     3 |    12 |     6 |     8 |     5 |     7 |     2 |    13 ||    59
 Stab: Sleeping          |     6 |    10 |     5 |     1 |     1 |     3 |     2 |       |       ||    28
       Distracted        |       |     1 |     1 |       |     1 |     1 |       |     1 |       ||     5
Armor: Robe              |    18 |    92 |    43 |    85 |    83 |    55 |    33 |    12 |    18 ||   439
       Skin              |       |       |       |       |       |       |       |    21 |     7 ||    28
Dodge: Dodged            |    55 |   168 |    79 |   172 |   187 |   186 |   206 |   171 |   163 ||  1387
Block: Other             |       |    24 |    29 |    69 |    16 |       |       |       |       ||   138
       Reflection        |       |       |     4 |     6 |    14 |    30 |    48 |     4 |       ||   106
       Buckler           |       |       |       |       |   127 |   126 |       |       |       ||   253
       Kite shield       |       |       |       |       |       |    12 |   394 |   178 |   150 ||   734

Table legend: (Time is in decaauts)
 A = Elapsed time spent in this place.
 B = Non-inter-level travel time spent in this place.
 C = Inter-level travel time spent in this place.
 D = Time resting spent in this place.
 E = Time spent auto-exploring this place.
 F = Levels seen in this place.
 G = Mean time per level.
                   A        B        C        D        E       F      G
               +--------+--------+--------+--------+--------+-----+--------+
         Total |  72294 |  65432 |   6862 |   4361 |  51044 |  70 | 1032.8 |
       Dungeon |  21155 |  17739 |   3416 |    682 |  14478 |  15 | 1410.3 |
        Temple |     96 |     82 |     14 |      0 |     61 |   1 |   96.0 |
          Lair |   8685 |   7879 |    806 |    881 |   6046 |   5 | 1737.0 |
         Swamp |   5197 |   4933 |    264 |    638 |   3651 |   4 | 1299.2 |
     Snake Pit |   5671 |   5520 |    151 |    391 |   4290 |   4 | 1417.8 |
    Slime Pits |   1239 |   1136 |    103 |    165 |    705 |   5 |  247.8 |
  Orcish Mines |   2573 |   2275 |    298 |    418 |   1431 |   2 | 1286.5 |
   Elven Halls |   3451 |   3237 |    214 |      0 |   2833 |   3 | 1150.3 |
        Vaults |  10530 |   9788 |    742 |    789 |   7660 |   5 | 2106.0 |
        Depths |   6758 |   6126 |    632 |    217 |   5154 |   4 | 1689.5 |
          Hell |     18 |     18 |      0 |      0 |      0 |   1 |   18.0 |
           Zot |   4669 |   4451 |    218 |    180 |   3310 |   5 |  933.8 |
         Abyss |     48 |     48 |      0 |      0 |      0 |   2 |   24.0 |
      Ziggurat |    830 |    830 |      0 |      0 |    641 |  10 |   83.0 |
        Bazaar |    214 |    214 |      0 |      0 |    160 |   1 |  214.0 |
        Bailey |    715 |    715 |      0 |      0 |    499 |   1 |  715.0 |
      Ice Cave |    175 |    175 |      0 |      0 |    124 |   1 |  175.0 |
    Desolation |    261 |    261 |      0 |      0 |      0 |   1 |  261.0 |
               +--------+--------+--------+--------+--------+-----+--------+

Top non-repeatable levels by time:
Vaults:4: 2943 daAuts
   Zot:5: 2501 daAuts
Vaults:2: 2373 daAuts
    D:10: 2203 daAuts
 Snake:4: 2160 daAuts
    D:15: 2080 daAuts
  Lair:1: 2017 daAuts
  Lair:2: 1996 daAuts
Depths:4: 1921 daAuts
Vaults:5: 1885 daAuts
     D:4: 1878 daAuts
 Swamp:4: 1832 daAuts
Vaults:1: 1774 daAuts
     D:6: 1742 daAuts
  Lair:5: 1738 daAuts
